Map: [ESL] Oceanborn

Players

MaNa - Winner!

  • Race: Protoss Protoss
  • Spawn Location: 11:00

Arrogfire

  • Race: Protoss Protoss
  • Spawn Location: 5:00

Event: ESL SC2 Masters 2023 Winter (Regional)

VOD

Have the link to the VOD?

Description

Time

  • Played on: Nov. 3, 2023, 11:56 a.m.
  • Length: 7:34

All games in this series

Show
View Real Time Build Order
Export as new Build Order

MaNa Protoss - Winner!

Build Orders: Oracle Opening 

Get SALT Encoding   

  12  0:00  Probe  
  13  0:12  Probe  
  14  0:17  Pylon  
  14  0:24  Probe (Chrono Boost)  
  15  0:35  Gateway  
  15  0:36  Probe (Chrono Boost)  
  16  0:44  Probe (Chrono Boost)  
  16  0:46  Assimilator  
  17  0:50  Probe  
  17  0:54  Assimilator  
  18  1:03  Probe (Chrono Boost)  
  19  1:07  Gateway  
  20  1:12  Probe (Chrono Boost)  
  20  1:17  Probe (Chrono Boost)  
  20  1:23  Cybernetics Core  
  21  1:29  Probe  
  22  1:35  Pylon  
  22  1:41  Probe  
  23  1:53  Probe  
  24  2:00  Stalker x2  
  28  2:02  Warp Gate  
  29  2:11  Pylon  
  28  2:28  Stargate  
  32  2:41  Stalker x2  
  32  2:43  Probe  
  32  2:55  Probe  
  33  3:01  Pylon  
  33  3:07  Probe  
  33  3:08  Oracle (Chrono Boost)  
  37  3:24  Nexus  
  37  3:34  Shield Battery, Probe  
  38  3:45  Twilight Council  
  38  3:46  Probe (Chrono Boost)  
  39  3:58  Probe (Chrono Boost)  
  40  4:02  Gateway  
  40  4:03  Probe (Chrono Boost)  
  40  4:09  Stalker  
  43  4:13  Probe  
  44  4:18  Stalker  
  44  4:19  Blink (Chrono Boost)  
  46  4:25  Probe  
  49  4:41  Stalker  
  49  4:43  Stalker  
  51  4:46  Probe  
  51  4:48  Probe  
  53  4:57  Stalker  
  53  4:58  Probe  
  56  5:00  Probe  
  57  5:08  Stalker x2  
  61  5:16  Pylon  
  61  5:18  Probe  
  62  5:25  Pylon  
  62  5:34  Stalker x3, Probe  
  69  5:39  Pylon  
  69  5:44  Gateway  
  61  6:17  Stalker x3  
  61  6:28  Probe  
  61  6:29  Probe  
  63  6:37  Nexus  
  59  6:46  Stalker x4  
  62  6:53  Probe x2  
  56  7:10  Stalker x4  
  56  7:13  Probe  
  63  7:17  Probe  
Show
View Real Time Build Order
Export as new Build Order

Arrogfire Protoss 

Build Orders: Phoenix Opening 

Get SALT Encoding   

  12  0:00  Probe  
  13  0:12  Probe  
  14  0:16  Pylon  
  14  0:24  Probe (Chrono Boost)  
  16  0:36  Gateway, Probe (Chrono Boost)  
  16  0:42  Probe (Chrono Boost)  
  16  0:45  Assimilator  
  17  0:51  Probe  
  17  0:53  Assimilator  
  18  1:03  Probe (Chrono Boost)  
  19  1:07  Gateway  
  19  1:15  Probe (Chrono Boost)  
  20  1:21  Probe (Chrono Boost)  
  20  1:24  Cybernetics Core  
  21  1:29  Probe  
  22  1:34  Pylon  
  22  1:41  Probe  
  23  1:53  Probe  
  24  2:00  Stalker x2  
  28  2:03  Warp Gate  
  28  2:07  Probe  
  29  2:15  Pylon  
  29  2:21  Pylon  
  29  2:30  Sentry  
  29  2:33  Sentry  
  33  2:54  Nexus  
  33  3:01  Stargate, Phoenix  
  33  3:05  Probe  
  33  3:12  Shield Battery  
  34  3:18  Probe (Chrono Boost)  
  35  3:20  Phoenix  
  36  3:28  Probe (Chrono Boost), Pylon  
  36  3:33  Probe (Chrono Boost)  
  37  3:43  Pylon  
  37  3:44  Probe  
  37  3:45  Phoenix (Chrono Boost)  
  40  3:57  Twilight Council  
  40  4:01  Probe (Chrono Boost)  
  41  4:08  Stalker  
  41  4:09  Probe (Chrono Boost)  
  45  4:18  Stalker  
  45  4:19  Probe (Chrono Boost)  
  45  4:20  Probe (Chrono Boost)  
  48  4:25  Probe (Chrono Boost)  
  48  4:27  Probe (Chrono Boost)  
  49  4:32  Blink (Chrono Boost), Stalker  
  49  4:36  Probe  
  52  4:39  Probe  
  53  4:48  Probe  
  53  4:50  Stalker  
  53  4:51  Probe  
  57  4:59  Pylon  
  57  5:00  Probe  
  57  5:03  Probe  
  59  5:12  Probe  
  60  5:15  Nexus  
  60  5:16  Stalker  
  60  5:21  Shield Battery  
  62  5:24  Stalker  
  62  5:25  Phoenix  
  64  5:29  Assimilator  
  64  5:32  Gateway  
  64  5:37  Probe x2  
  64  5:40  Stalker  
  68  5:44  Robotics Facility  
  68  5:48  Pylon  
  68  5:49  Probe x2  
  59  6:06  Stalker x2  
  59  6:08  Probe  
  59  6:10  Probe  
  51  6:20  Probe  
  51  6:22  Probe  
  50  6:28  Stalker  
  50  6:32  Stalker  
  51  6:35  Probe  
  51  6:36  Probe  
  45  6:47  Stalker  
  45  6:48  Probe x2  
  47  6:58  Stalker  
  47  7:03  Stalker  
  43  7:11  Stalker  
  43  7:12  Probe  
  42  7:23  Stalker  
Tags
 
Add a new tag
Caveats
  • Supply blocks, unpowered buildings, or Contaminate may cause inaccurate times.
  • Supply counts are checked every 10 seconds.